 Dungeon Crawl Stone Soup version 0.17.0-9-g801d43b (console) character file.

268 gw the Ducker (level 6, -4/30 HPs)
             Began as a Felid Berserker on Nov 10, 2015.
             Was a Priest of Trog.
             Slain by a gnoll
             ... wielding a cursed +0 spear
              (12 damage)
             ... on level 5 of the Dungeon.
             The game lasted 00:04:02 (5424 turns).

gw the Ducker (Felid Berserker)                     Turns: 5424, Time: 00:04:02

Health: -4/30      AC:  2    Str: 13    XL:     6   Next: 0%
Magic:  7/7        EV: 21    Int:  9    God:    Trog [***...]
Gold:   323        SH:  0    Dex: 17    Spells: 0 memorised, 5 levels left
                                        Lives:  0   Deaths: 1

rFire  . . .     SeeInvis +       - Unarmed
rCold  . . .     Clarity  .     (armour unavailable)
rNeg   . . .     SustAt   .     (shield unavailable)
rPois  .         Gourm    .     (helmet unavailable)
rElec  .         Spirit   .     (cloak unavailable)
rCorr  .         Warding  .     (gloves unavailable)
rMut   .         Stasis   .     (boots unavailable)
MR     .....                    (no amulet)
Stlth  ++........               (no ring)
                                (no ring)

@: quick, not resistant to hostile enchantments, unstealthy
A: no armour, no weapons or thrown items, claws 1, fangs 3, see invisible,
carnivore 3, speed 1, shaggy fur 2, slow metabolism 1, sharp paws
a: Berserk, Trog's Hand, Burn Spellbooks, Renounce Religion


You were on level 5 of the Dungeon.
You worshipped Trog.
Trog was most pleased with you.
You were full.

You visited 1 branch of the dungeon, and saw 5 of its levels.

You collected 323 gold pieces.

Inventory:

Comestibles
 a - a meat ration


   Skills:
 + Level 4.8 Fighting
 + Level 6.0 Dodging
 * Level 6.0 Unarmed Combat


You had 5 spell levels left.
You didn't know any spells.

Dungeon Overview and Level Annotations

Branches:
Dungeon (5/15)             Temple (0/1) D:5

Altars:
Fedhas
Gozag
Kikubaaqudgha
Ru
Zin
The Shining One


Innate Abilities, Weirdness & Mutations

You cannot wear armour.
You are incapable of wielding weapons or throwing items.
You have sharp claws.
You have razor-sharp teeth.
You have supernaturally acute eyesight.
You are carnivorous and can eat meat at any time.
You cover ground quickly.
You are covered in thick fur (AC +2).
You have a slow metabolism.
Your sharp claws are effective at attacking unaware monsters.


Message History

The gnoll completely misses you. x2
Unknown command.
Unknown command.
Unknown command.
Unknown command.
MOVING TO (-1,0)
The gnoll closely misses you. The gnoll misses you.
Unknown command.
Unknown command.
Unknown command.
ATTACK MOVE TO (1,0)
The gnoll hits you with a halberd! The gnoll misses you.
Unknown command.
Unknown command.
Unknown command.
Unknown command.
MOVING TO (-1,0)
The gnoll hits you from afar with a halberd!
The gnoll hits you from afar with a spear!
You die...

.#.... #......
.#.#.#.#.... .
.8.>.8..#.#. ......
.. # ..........
.#.... ...
#.#.8.#..#.#######.?
.#.. .....?......
...... ....
........# ####..
...#..###g##...####
#..
.......h.g........#
#..
##.#.####g##...##.#
#.. #.......##.# #..
#....#...##.# #..
#....#...##.# #..
#....##..##.####..
...................
#....###...........
#.## ##.###..##..


You could see 3 gnolls.

Table legend:
 A = Turns spent in this place as a percentage of turns spent in the entire game.
 B = Non-inter-level travel turns spent in this place as a percentage of non-inter-level travel turns spent in the entire game.
 C = Inter-level travel turns spent in this place as a percentage of turns spent in this place.
 D = Turns resting spent in this place as a percentage of non-inter-level travel turns spent in this place.
 E = Turns spent auto-exploring this place as a percentage of non-inter-level travel turns spent in this place.
 F = Non-inter-level travel turns spent in this place divided by the number of levels of this place that you've seen.
                   A       B       C       D       E      F
               +-------+-------+-------+-------+-------+----------------------
         Total | 100.0 | 100.0 |   0.8 |   1.1 |   2.8 | 1295.2
       Dungeon | 100.0 | 100.0 |   0.8 |   1.1 |   2.8 | 1295.2
               +-------+-------+-------+-------+-------+----------------------

Table legend:
 A = Kills in this place as a percentage of kills in entire the game.
 B = Kills by you in this place as a percentage of kills by you in the entire game.
 C = Kills by friends in this place as a percentage of kills by friends in the entire game.
 D = Other kills in this place as a percentage of other kills in the entire game.
 E = Experience gained in this place as a percentage of experience gained in the entire game.
 F = Experience gained in this place divided by the number of levels of this place that you have seen.
                   A       B       C       D       E      F
               +-------+-------+-------+-------+-------+----------------------
         Total | 100.0 | 100.0 |  -nan |  -nan | 100.0 | 142.4
       Dungeon | 100.0 | 100.0 |  -nan |  -nan | 100.0 | 142.4
               +-------+-------+-------+-------+-------+----------------------

Vanquished Creatures
  The ghost of gw the Chiller, an amateur DgIE (D:3)
  A scorpion (D:4)
  A hound (D:4)
  2 orc wizards (D:4)
  Terence (D:2)
  A gnoll shaman (D:4)
  2 hound skeletons (D:4)
  3 adders
  4 gnolls (D:4)
  A shadow imp (D:5)
  2 oozes
  An adder skeleton (D:4)
  A worm (D:2)
  8 orcs
  14 bats
  5 hobgoblins
  7 kobolds
  2 quokkas
  4 ball pythons
  A ball python skeleton (D:4)
  5 giant cockroaches
  A giant gecko (D:2)
  6 giant newts
  8 goblins
  7 rats
89 creatures vanquished.

Notes
Turn   | Place    | Note
--------------------------------------------------------------
     0 | D:1      | gw the Felid Berserker began the quest for the Orb.
     0 | D:1      | Reached XP level 1. HP: 10/10 MP: 2/2
   199 | D:1      | Reached XP level 2. HP: 8/14 MP: 3/3
  1385 | D:2      | Reached ** piety under Trog
  1596 | D:2      | Reached XP level 3. HP: 17/17 MP: 4/4
  2031 | D:2      | Noticed Terence
  2039 | D:2      | Killed Terence
  2039 | D:2      | Reached XP level 4. HP: 15/22 MP: 5/5
  2835 | D:3      | Noticed gw's ghost (amateur DgIE)
  2844 | D:3      | Killed gw's ghost
  2844 | D:3      | Reached skill level 5 in Dodging
  2844 | D:3      | Reached XP level 5. HP: 25/25 MP: 6/6
  3099 | D:3      | Found a blossoming altar of Fedhas.
  3278 | D:3      | Reached skill level 5 in Unarmed Combat
  3929 | D:3      | Found a sacrificial altar of Ru.
  4317 | D:4      | Gained mutation: You are covered in thick fur (AC +2). [Felid growth]
  4317 | D:4      | Reached XP level 6. HP: 29/29 MP: 7/7
  4454 | D:4      | Reached *** piety under Trog
  4740 | D:4      | Found an ancient bone altar of Kikubaaqudgha.
  5147 | D:4      | Slain by a hound skeleton
  5148 | D:4      | Reached XP level 5. HP: 0/25 MP: 6/6
  5232 | D:4      | Reached skill level 6 in Dodging
  5248 | D:4      | Found a glowing golden altar of the Shining One.
  5275 | D:5      | Entered Level 5 of the Dungeon
  5291 | D:5      | Found a glowing silver altar of Zin.
  5292 | D:5      | Found an opulent altar of Gozag.
  5346 | D:5      | Reached XP level 6. HP: 30/30 MP: 7/7
  5404 | D:5      | Found a staircase to the Ecumenical Temple.
  5424 | D:5      | Slain by a gnoll

Action                   |  1- 3 |  4- 6 || total
-------------------------+-------+-------++-------
Melee: Unarmed           |    99 |   175 ||   274
Invok: Berserk           |     1 |     4 ||     5
       Trog's Hand       |       |     1 ||     1
 Stab: Sleeping          |       |     2 ||     2
  Eat: Chunk             |    10 |    12 ||    22

Vault maps used:
D:1:      scummos_arrival_simple_crosswalls, serial_forest,
          infiniplex_forest_clump_tiny, infiniplex_forest_lined_1,
          infiniplex_forest_join, infiniplex_forest_lined_3,
          infiniplex_forest_clump_curved, infiniplex_forest_straight_2,
          infiniplex_forest_diagonal, minmay_misc_feat_four_crosses
D:2:      first_bread, uniq_terence
D:3:      lemuel_doored_altar, lemuel_coloured_pillars_altar,
          portal_sewer_entry_d
D:4:      marbit_many_paths, solitary_fountain, nicolae_tso_carved_into_rock
D:5:      grunt_temple_overflow_gold_and_silver,
          minmay_temple_entry_statues_pillars
